AoeStats
← luis_14_mota

MegaRandom

508767973Analyzed
2v2 RM · 9d ago on Sep 24, 2026· 72m 25s· 4 players
Game mode
Random Map
Map size
Medium (4 player)
Population
200
Speed
Normal
Resources
Standard
Victory
Conquest
Starting age
Dark Age
Ending age
Imperial Age
RankedLock teamsTeams togetherTeam positionsShared explorationLock speedFull tech treeHidden civsTurbo modeCheats
Victory
Defeat
🇵🇹 Portuguese · Portugal
608
+9
🇲🇽 Britons · Mexico
368
+19
🇧🇷 Vietnamese · Brazil
524
-36
🇧🇷 Danes · Brazil
367
-11
luis_14_mota
12:52 Feudal Age
13:24 Double-Bit Axe
13:22 Horse Collar
16:30 Wheelbarrow
17:54 Gold Mining
24:08 Castle Age
28:40 Hand Cart
28:11 Loom
28:35 Husbandry
28:02 Crossbowman
28:36 Arson
28:52 Squires
28:37 Gambesons
28:15 Pikeman
28:16 Man-at-Arms
30:32 Bow Saw
30:29 Heavy Plow
31:23 Stone Mining
32:08 Gold Shaft Mining
37:16 Imperial Age
39:13 Guilds
39:34 Coinage
39:04 Caravan
40:24 Two-Man Saw
43:58 Hoardings
42:44 Elite Longbowman
49:03 Conscription
48:46 Warwolf
49:11 Yeomen
52:10 Banking
55:28 Masonry
55:16 Treadmill Crane
56:00 Ballistics
56:40 Chemistry
55:26 Arrowslits
55:49 Siege Engineers
55:57 Scale Barding Armor
55:53 Scale Mail Armor
56:04 Forging
55:45 Fletching
55:57 Padded Archer Armor
58:54 Chain Barding Armor
58:50 Chain Mail Armor
59:11 Iron Casting
58:31 Bodkin Arrow
58:54 Leather Archer Armor
60:10 Plate Barding Armor
60:09 Cavalier
60:17 Halberdier
60:18 Long Swordsman
dvdsnts13
0:29 Loom
14:20 Feudal Age
14:56 Horse Collar
15:55 Wheelbarrow
15:06 Town Watch
15:09 Double-Bit Axe
20:47 Castle Age
22:07 Hand Cart
21:53 Town Patrol
21:57 Heavy Plow
21:51 Gold Mining
21:51 Stone Mining
22:17 Bow Saw
34:38 Imperial Age
38:53 Elite Organ Gun
39:34 Arquebus
39:55 Conscription
46:57 Chemistry
46:18 Ballistics
46:13 Forging
46:04 Scale Mail Armor
45:54 Fletching
46:05 Padded Archer Armor
55:05 Iron Casting
54:46 Chain Mail Armor
54:27 Bodkin Arrow
54:47 Leather Archer Armor
54:55 Bombard Tower
54:43 Caravan
ig: sidneineto3
15:58 Feudal Age
14:17 Loom
16:04 Feudal Age
23:20 Castle Age
22:00 Double-Bit Axe
27:31 Gold Mining
28:58 Gold Mining
31:13 Bow Saw
38:43 Forging
38:34 Scale Mail Armor
40:05 Gold Shaft Mining
40:41 Squires
40:30 Gambesons
41:41 Horse Collar
42:07 Stone Mining
42:55 Hamask
43:44 Heavy Plow
45:05 Iron Casting
44:47 Chain Mail Armor
57:36 Imperial Age
62:11 Bloodlines
Rosky
16:35 Feudal Age
17:01 Double-Bit Axe
17:00 Horse Collar
20:13 Bloodlines
22:24 Wheelbarrow
23:47 Stone Mining
23:49 Gold Mining
29:40 Castle Age
28:42 Scale Barding Armor
28:53 Forging
31:04 Hand Cart
32:07 Stone Shaft Mining
32:43 Heavy Plow
32:57 Bow Saw
37:58 Light Cavalry
38:39 Loom
41:23 Iron Casting
40:45 Fletching
40:59 Padded Archer Armor
41:22 Chain Barding Armor
44:34 Crossbowman
45:20 Thumb Ring
48:33 Ballistics
50:54 Imperial Age
52:56 Arbalester
55:28 Leather Archer Armor
55:13 Bodkin Arrow
56:26 Chemistry
56:43 Elite Rattan Archer
61:59 Two-Man Saw
61:33 Crop Rotation
70:16 Heavy Cavalry Archer
Connection lost

Rejoining the realm…

Still unreachable

The connection could not be restored.

Session expired

The server has moved on; the page needs a fresh start.